 Dungeon Crawl Stone Soup version 0.20.1-1-g8b1a95d (webtiles) character file.

28401 Idiotsyncracy the Gouger (level 13, 0/54 HPs)
             Began as a Felid Venom Mage on Jan 31, 2019.
             Was a High Priest of Sif Muna.
             Killed by divine providence
             ... invoked by Saint Roka
              (14 damage)
             ... on level 2 of the Orcish Mines.
             The game lasted 03:01:01 (49394 turns).

Idiotsyncracy the Gouger (Felid Venom Mage)        Turns: 49394, Time: 03:01:02

Health: 0/54       AC:  3    Str:  5    XL:     13   Next: 9%
Magic:  18/31      EV: 28    Int: 16    God:    Sif Muna [*****.]
Gold:   1821       SH:  8    Dex: 21    Spells: 0/32 levels left
                                        Lives:  0   Deaths: 4

rFire    + . .     SeeInvis +     - Unarmed
rCold    + + .     Gourm    .   (shield unavailable)
rNeg     . . .     Faith    .   (armour unavailable)
rPois    .         Spirit   .   (helmet unavailable)
rElec    .         Reflect  +   (cloak unavailable)
rCorr    .         Harm     .   (gloves unavailable)
MR       +....                  (boots unavailable)
Stlth    +++++.....             t - brooch of Shielding {Reflect SH+8}
Regen    0.2/turn               v - ring of protection from fire
MPRegen  0.3/turn               I - ring of protection from cold

@: radiating poison, divine energy, quick
A: no armour, no weapons or thrown items, stealth, claws 1, fangs 3, see
invisible, carnivore 3, speed 1, frail 1, high mp 1, shaggy fur 3, slow
metabolism 1, sharp paws
a: Stop Divine Energy, Channel Magic, Forget Spell, Renounce Religion


You were on level 2 of the Orcish Mines.
You worshipped Sif Muna.
Sif Muna was extremely pleased with you.
You were not hungry.

You visited 4 branches of the dungeon, and saw 23 of its levels.
You also visited: Labyrinth and Ossuary.

You collected 1821 gold pieces.

Inventory:

Missiles
 C - 265 arrows
Jewellery
 e - an uncursed ring of ice
 t - the brooch of Shielding (around neck) {Reflect SH+8}
   (You found it on level 4 of the Dungeon)

   [amulet of reflection]

   It shields you and reflects attacks.
   It affects your SH (+8).
 u - an uncursed ring of resist corrosion
 v - a ring of protection from fire (left paw)
 I - a ring of protection from cold (right paw)
 L - an uncursed ring of flight
 R - the ring "Masm" {MR+ EV-4 Str+2 Int+2}
   (You found it in a labyrinth)

   [ring of evasion]

   It affects your evasion (-4).
   It affects your strength (+2).
   It affects your intelligence (+2).
   It affects your resistance to hostile enchantments.
Wands
 D - a wand of disintegration (11/24)
 F - a wand of confusion (38/48)
 G - a wand of lightning (9/15)
 J - a wand of confusion (29/48)
 O - a wand of paralysis (0/24)
 P - a wand of flame (14/48)
Scrolls
 h - 5 scrolls of fear
 i - 14 scrolls of teleportation
 l - 4 scrolls of recharging
 p - 8 scrolls of remove curse
 w - 3 scrolls of fog
 A - 2 scrolls of identify
 B - 2 scrolls of magic mapping
 M - a scroll of amnesia
 W - a scroll of immolation
Potions
 d - 5 potions of lignification
 f - a potion of resistance
 j - 10 potions of curing
 m - 3 potions of haste
 n - 5 potions of magic
 r - 5 potions of agility
 s - 2 potions of might
 x - 3 potions of brilliance
 z - 9 potions of heal wounds
 S - 2 potions of flight
Miscellaneous
 U - a lightning rod (4/4)
Comestibles
 a - 16 chunks of flesh
 b - 12 meat rations
 o - 5 royal jellies


   Skills:
 * Level 9.0 Fighting
 * Level 10.2 Dodging
 - Level 8.5 Stealth
 + Level 12.6 Unarmed Combat
 - Level 10.3 Spellcasting
 - Level 7.0 Conjurations
 * Level 11.7 Transmutations
 - Level 3.6 Fire Magic
 - Level 4.2 Air Magic
 * Level 8.6 Earth Magic
 - Level 7.0 Poison Magic


You couldn't memorise any spells.
You knew the following spells:

 Your Spells              Type           Power        Failure   Level  Hunger
a - Sting                 Conj/Pois      ####         1%          1    None
b - Poisonous Vapours     Pois/Air       ####..       1%          2    None
c - Mephitic Cloud        Conj/Pois/Air  ####....     2%          3    None
d - Olgreb's Toxic Radia  Pois           ####....     4%          4    ###....
e - Passwall              Tmut/Erth      #####.....   1%          2    None
f - Sticks to Snakes      Tmut           #####...     1%          2    None
g - Stone Arrow           Conj/Erth      ####..       1%          3    None
h - Blade Hands           Tmut           #####.....   1%          5    #####..
i - Statue Form           Tmut/Erth      #####....    21%         6    ######.
j - Sticky Flame          Conj/Fire      ####....     10%         4    ###....


Dungeon Overview and Level Annotations

Branches:
Dungeon (14/15)            Temple (1/1) D:5            Lair (6/6) D:10
 Shoals (0/4) Lair:3        Snake (0/4) Lair:2        Slime (0/5) Lair:6
    Orc (2/2) D:10         Vaults (0/5) D:13
    Elf: Orc:2

Altars:
Ashenzari
Cheibriados
Dithmenos
Elyvilon
Fedhas
Gozag
Hepliaklqana
Kikubaaqudgha
Makhleb
Nemelex Xobeh
Okawaru
Qazlal
Ru
Sif Muna
Trog
Uskayaw
Vehumet
Xom
Yredelemnul
Zin
The Shining One
Jiyva

Shops:
D:7 *   D:14 *   Orc:2 =

Annotations:
D:3 exclusion: downstairs
D:4 PeterLawrence's ghost, amateur MiFi
D:7 exclusion: downstairs
D:8 Erica
D:12 exclusion: downstairs
Lair:2 exclusion: 2 downstairs
Lair:3 exclusion: downstairs
Lair:5 exclusion: 2 downstairs
Lair:6 cotteux's ghost, journeyman GrBe
Orc:1 exclusion: 2 downstairs
Orc:2 Saint Roka


Innate Abilities, Weirdness & Mutations

You cannot wear armour.
You are incapable of wielding weapons or throwing items.
Your paws allow you to move quietly. (Stealth)
You have sharp claws.
You have razor-sharp teeth.
You have supernaturally acute eyesight. (SInv)
You are carnivorous and can eat meat at any time.
You cover ground quickly.
Your thick and shaggy fur keeps you warm. (AC +3, rC+)
You have a slow metabolism.
Your sharp claws are effective at attacking unaware monsters.
You are frail. (-10% HP)
You have an increased reservoir of magic. (+10% MP)


Message History

Confirm with . or Enter, or press ? or * to list all spells.
You begin to radiate toxic energy.
Saint Roka looks as sick as possible!
Saint Roka calls down the wrath of Beogh upon you.
Beogh smites you!
Saint Roka looks as sick as possible!
Saint Roka looks as sick as possible!
Your toxic aura wanes.
Casting: Olgreb's Toxic Radiance
Confirm with . or Enter, or press ? or * to list all spells.
You begin to radiate toxic energy.
Saint Roka looks as sick as possible!
Saint Roka calls down the wrath of Beogh upon you.
Beogh smites you!
* * * LOW HITPOINT WARNING * * *
Your toxic aura wanes.
Casting: Olgreb's Toxic Radiance
Confirm with . or Enter, or press ? or * to list all spells.
You begin to radiate toxic energy.
Saint Roka looks as sick as possible!
Saint Roka mumbles some strange prayers to Beogh against you.
Beogh smites you!
You die...

......#...........#
....###...........# #.
.........o.......####..
....#####)............
...## ##..........#
...# #.........# ...#
#.........# ...#
#.##......# .#.#
#.#####@..+ .#..# ..#
##....## . .#....
...###......#####..
.###....##
#...)........... .#
#....
#...............## .#
##.#
#.......#.........## ##
##
###....##.#........##
##....##............##
#....# #..........<..#


You could see Saint Roka.

Vanquished Creatures
  An orc warlord (D:10)
  Nessos (Lair:5)
  A minotaur (Lab)
  4 vault guards (D:13)
  7 hydras
  3 catoblepae (Lair:6)
  5 two-headed ogres
  A satyr (shapeshifter) (D:13)
  A tengu warrior (D:14)
  15 death yaks
  Sonja (D:13)
  3 unseen horrors
  2 wizards (D:13)
  An orc knight (D:13)
  A phantasmal warrior (D:14)
  A deep elf mage (D:13)
  2 ugly things (D:12)
  5 orc sorcerers
  3 manticores
  A centaur zombie (D:11)
  5 elephants
  3 black mambas
  11 spiny frogs
  A gargoyle (D:12)
  8 komodo dragons
  3 rime drakes
  A rime drake (shapeshifter) (D:13)
  A freezing wraith (D:12)
  A yaktaur (D:13)
  A redback zombie (D:14)
  2 merfolk (Lair:3)
  A jumping spider (shapeshifter) (D:13)
  7 trolls
  4 polar bears
  15 blink frogs
  12 hippogriffs
  10 dream sheep
  A meliai zombie (D:14)
  2 shadows
  6 wraiths
  73 yaks
  A wyvern (D:8)
  A vampire (D:11)
  8 basilisks
  Eustachio (D:6)
  A human (D:13)
  3 hungry ghosts
  Edmund (D:6)
  6 wargs
  15 water moccasins
  Duvessa (D:6)
  2 hell hounds (D:10)
  8 porcupines
  4 sky beasts
  20 orc warriors
  5 phantoms
  4 ice beasts
  2 eyes of draining (D:13)
  A necrophage (D:11)
  37 wolves
  8 ogres
  8 centaurs
  20 crocodiles
  A big kobold (D:9)
  19 bullfrogs
  A gnoll sergeant (D:5)
  Dowan (D:6)
  A water moccasin zombie (D:12)
  2 wyvern skeletons
  A troll zombie (D:10)
  4 scorpions
  A water moccasin skeleton (D:9)
  10 wights (D:13)
  3 killer bees (D:13)
  3 howler monkeys
  An electric eel (Lair:2)
  2 bullfrog zombies
  8 crimson imps
  A quasit (D:9)
  A bullfrog skeleton (D:7)
  16 orc priests
  12 hounds
  3 jellies
  5 centaur skeletons
  An iguana (D:13)
  24 orc wizards
  7 worker ants
  5 ogre zombies (D:10)
  A hound zombie (D:10)
  9 mummies
  A worker ant zombie (D:11)
  18 gnolls
  22 adders
  A shadow imp (D:14)
  3 oozes
  An adder skeleton (D:5)
  A worm (D:6)
  2 dart slugs
  3 leopard geckos
  88 orcs
  A ball python (D:3)
  3 giant cockroaches
  4 goblins
  5 hobgoblins
  16 jackals
  3 quokkas
  6 bats
  2 frilled lizards
  2 goblin zombies
  3 hobgoblin skeletons (D:10)
  5 hobgoblin zombies
  12 kobolds
  3 kobold zombies (Ossuary)
  5 orc skeletons (D:10)
  11 orc zombies
  7 rats
  2 butterflies (Lair:4)
757 creatures vanquished.

Vanquished Creatures (collateral kills)
  An oklob plant (Lair:4)
1 creature vanquished.

Vanquished Creatures (others)
  A centaur warrior (D:13)
  2 centaurs
  26 fungi
  23 plants
52 creatures vanquished.

Grand Total: 810 creatures vanquished

Notes
Turn   | Place    | Note
-------+----------+-------------------------------------------
     0 | D:1      | Idiotsyncracy the Felid Venom Mage began the quest for the Orb.
     0 | D:1      | Reached XP level 1. HP: 7/7 MP: 4/4
   564 | D:1      | Reached skill level 1 in Conjurations
   564 | D:1      | Reached XP level 2. HP: 11/11 MP: 3/6
   570 | D:1      | Learned a level 2 spell: Poisonous Vapours
  1681 | D:2      | Reached XP level 3. HP: 8/14 MP: 4/7
  2391 | D:2      | Reached skill level 1 in Air Magic
  2391 | D:2      | Reached XP level 4. HP: 18/18 MP: 0/8
  2589 | D:2      | Reached skill level 1 in Unarmed Combat
  2951 | D:2      | Reached XP level 5. HP: 21/21 MP: 4/10
  4802 | D:3      | Gained mutation: You are covered in thick fur. (AC +2) [Felid growth]
  4802 | D:3      | Reached XP level 6. HP: 24/24 MP: 1/11
  5131 | D:3      | Reached skill level 2 in Unarmed Combat
  5495 | D:3      | Learned a level 3 spell: Mephitic Cloud
  5500 | D:3      | Learned a level 4 spell: Olgreb's Toxic Radiance
  5673 | D:4      | Noticed PeterLawrence's ghost (amateur MiFi)
  5878 | D:4      | Found a sparkling altar of Nemelex Xobeh.
  5991 | D:4      | Found a shadowy altar of Dithmenos.
  5994 | D:4      | Found a blossoming altar of Fedhas.
  6184 | D:4      | Reached skill level 3 in Unarmed Combat
  6286 | D:5      | Entered Level 5 of the Dungeon
  6448 | D:5      | Noticed an ice beast
  6991 | D:5      | Found a staircase to the Ecumenical Temple.
  7021 | Temple   | Entered the Ecumenical Temple
  7234 | Temple   | Became a worshipper of Sif Muna the Loreminder
  7358 | D:5      | Reached XP level 7. HP: 27/27 MP: 6/13
  8094 | D:6      | Found a sacrificial altar of Ru.
  8114 | D:6      | Noticed Dowan
  8356 | D:6      | Noticed Eustachio
  8362 | D:6      | Killed Eustachio
  8459 | D:6      | Reached * piety under Sif Muna
  8552 | D:6      | Reached skill level 5 in Poison Magic
  8552 | D:6      | Reached XP level 8. HP: 23/31 MP: 8/15
  8626 | D:6      | Found a snail-covered altar of Cheibriados.
  8715 | D:6      | Noticed Duvessa
  8727 | D:6      | Killed Duvessa
  8732 | D:6      | Killed Dowan
  8732 | D:6      | Reached skill level 5 in Spellcasting
  9787 | D:6      | Noticed Edmund
  9812 | D:6      | Killed Edmund
  9812 | D:6      | Reached skill level 4 in Unarmed Combat
 10274 | D:7      | Found Haawnol's General Store.
 10317 | D:7      | Found a sand-covered staircase.
 10319 | D:7      | Reached skill level 1 in Fighting
 10364 | Ossuary  | Entered an ossuary
 10434 | Ossuary  | Reached ** piety under Sif Muna
 11659 | D:7      | Found a shimmering altar of Xom.
 11660 | D:7      | Found a burning altar of Makhleb.
 11783 | D:7      | Found a glowing silver altar of Zin.
 12065 | D:7      | Reached skill level 5 in Unarmed Combat
 12065 | D:7      | Reached XP level 9. HP: 36/36 MP: 5/18
 12070 | D:7      | Gained mutation: Your mind is acute. (Int +2) [mutagenic meat]
 12071 | D:7      | Gained mutation: Your thick and shaggy fur keeps you warm. (AC +3, rC+) [mutagenic meat]
 12072 | D:7      | Lost mutation: Your mind is acute. (Int +2) [mutagenic meat]
 12073 | D:7      | Gained mutation: You are agile. (Dex +2) [mutagenic meat]
 12074 | D:7      | Gained mutation: Your mind is acute. (Int +2) [mutagenic meat]
 12214 | D:8      | Reached skill level 5 in Dodging
 12236 | D:8      | Found a hazy altar of Hepliaklqana.
 12443 | D:8      | Found a shattered altar of Ashenzari.
 12673 | D:8      | Reached skill level 6 in Unarmed Combat
 12713 | D:8      | Noticed Erica
 12723 | D:8      | Killed from afar by Erica
 12724 | D:8      | Reached XP level 8. HP: -1/34 MP: 16/17
 13490 | D:8      | Found a basalt altar of Yredelemnul.
 13503 | D:8      | Noticed a two-headed ogre
 13548 | D:8      | Killed a two-headed ogre
 13548 | D:8      | Reached skill level 5 in Stealth
 13548 | D:8      | Reached skill level 7 in Unarmed Combat
 13783 | D:9      | Reached XP level 9. HP: 39/39 MP: 13/18
 14096 | D:9      | Noticed a two-headed ogre
 14115 | D:9      | Killed a two-headed ogre
 14115 | D:9      | Reached skill level 8 in Unarmed Combat
 14531 | D:9      | Found a white marble altar of Elyvilon.
 15431 | D:9      | Reached skill level 5 in Fighting
 15579 | D:10     | Entered Level 10 of the Dungeon
 15586 | D:10     | Noticed an unseen horror
 15599 | D:10     | Killed an unseen horror
 15599 | D:10     | Reached skill level 9 in Unarmed Combat
 15599 | D:10     | Reached XP level 10. HP: 24/44 MP: 1/19
 16416 | D:10     | Found a staircase to the Orcish Mines.
 16972 | D:10     | Learned a level 2 spell: Passwall
 16975 | D:10     | Learned a level 2 spell: Sticks to Snakes
 17366 | D:10     | Found a staircase to the Lair.
 17742 | D:11     | Learned a level 3 spell: Stone Arrow
 17742 | D:11     | Noticed an unseen horror
 17751 | D:11     | Killed an unseen horror
 17751 | D:11     | Reached skill level 10 in Unarmed Combat
 18086 | D:6      | Reached *** piety under Sif Muna
 18103 | D:6      | Reached skill level 1 in Transmutations
 18227 | D:4      | Reached skill level 1 in Earth Magic
 18632 | D:11     | Reached XP level 11. HP: 48/48 MP: 15/20
 18635 | D:11     | Noticed a four-headed hydra
 18643 | D:11     | Killed a four-headed hydra
 19227 | D:11     | Learned a level 5 spell: Blade Hands
 19589 | D:11     | Noticed a two-headed ogre
 19597 | D:11     | Killed a two-headed ogre
 21126 | D:12     | Reached **** piety under Sif Muna
 21623 | D:12     | Noticed a white ugly thing
 21656 | D:12     | Killed a white ugly thing
 21656 | D:12     | Reached skill level 11 in Unarmed Combat
 22586 | D:11     | Noticed a two-headed ogre
 22603 | D:11     | Killed a two-headed ogre
 23084 | D:13     | Noticed Sonja
 23085 | D:13     | Noticed a centaur warrior
 23338 | D:12     | Mutation became permanent: You are covered in thick fur. (AC +2) [Felid growth]
 23338 | D:12     | Gained mutation: Your thick and shaggy fur keeps you warm. (AC +3, rC+) [Felid growth]
 23338 | D:12     | Reached XP level 12. HP: 46/54 MP: 22/22
 23452 | D:12     | Gained mutation: You evolve. [mutagenic meat]
 23454 | D:12     | Gained mutation: Your spells are a little easier to cast, but a little less powerful. [mutagenic meat]
 23947 | D:13     | Killed a centaur warrior
 23956 | D:13     | Killed Sonja
 24489 | D:13     | Noticed a vault guard
 24512 | D:13     | Reached skill level 5 in Transmutations
 24837 | D:13     | Noticed a six-headed hydra
 24934 | D:13     | Killed a six-headed hydra
 24934 | D:13     | Reached ***** piety under Sif Muna
 25088 | D:13     | Killed a vault guard
 25088 | D:13     | Received a gift from Sif Muna
 25091 | D:13     | Identified Sif Muna's Disquisition on Ensnaring Shape Shifting (Sif Muna gifted it to you on level 13 of the Dungeon)
 25206 | D:13     | Noticed a vault guard
 25235 | D:13     | Killed a vault guard
 25693 | D:13     | Reached skill level 12 in Unarmed Combat
 26062 | D:13     | Noticed a satyr
 26079 | D:13     | Killed a satyr
 26217 | D:13     | Reached skill level 5 in Conjurations
 26310 | D:13     | Noticed a vault guard
 26335 | D:13     | Killed a vault guard
 26592 | D:13     | Noticed a death knight
 27213 | D:13     | Paralysed by a wizard for 4 turns
 27392 | D:13     | Noticed a vault guard
 27423 | D:13     | Killed a vault guard
 27584 | D:13     | Reached XP level 13. HP: 59/59 MP: 9/23
 27613 | D:13     | Found a gate to the Vaults.
 28122 | D:14     | Slain by a phantasmal warrior
 28123 | D:14     | Reached XP level 12. HP: -5/56 MP: 16/22
 28377 | D:14     | Found Qauffuf's Assorted Antiques.
 28403 | D:14     | Noticed a two-headed ogre
 28454 | D:14     | Killed a two-headed ogre
 28613 | D:14     | Noticed a tengu warrior
 28640 | D:14     | Killed a tengu warrior
 28766 | D:14     | Found a white marble altar of Elyvilon.
 28780 | D:14     | Noticed an eight-headed hydra
 28844 | D:14     | Killed an eight-headed hydra
 29431 | D:12     | Lost mutation: Your mind is acute. (Int +2) [evolution]
 29431 | D:12     | Lost mutation: You evolve. [end of evolution]
 29723 | Lair:1   | Entered Level 1 of the Lair of Beasts
 30791 | Lair:1   | Reached skill level 10 in Dodging
 32515 | Lair:2   | Identified Vab Usha's Tome of Snow and Stones (Sif Muna gifted it to you on level 2 of the Lair of Beasts)
 32515 | Lair:2   | Received a gift from Sif Muna
 32777 | Lair:2   | Noticed a four-headed hydra
 32837 | Lair:2   | Killed a four-headed hydra
 32884 | Lair:2   | Found a labyrinth entrance.
 32994 | Lab      | Entered a labyrinth
 34643 | Lab      | Noticed a minotaur
 34665 | Lab      | Killed a minotaur
 34665 | Lab      | Reached skill level 5 in Earth Magic
 34665 | Lab      | Reached XP level 13. HP: 45/59 MP: 20/24
 34679 | Lab      | Identified the Incunabulum of Snow
 34680 | Lab      | Got a bound glass ring
 34747 | Lair:2   | Identified the cursed ring "Masm" {MR+ EV-4 Str+2 Int+2} (You found it in a labyrinth)
 34973 | Lair:2   | Found a staircase to the Snake Pit.
 36623 | Lair:3   | Learned a level 6 spell: Statue Form
 38451 | Lair:3   | Found a staircase to the Shoals.
 40117 | Lair:4   | Received a gift from Sif Muna
 40922 | Lair:4   | Reached XP level 14. HP: 63/63 MP: 5/28
 41939 | Lair:5   | Noticed Nessos
 41954 | Lair:5   | Killed Nessos
 42607 | Lair:5   | Reached skill level 10 in Transmutations
 42920 | Lair:6   | Entered Level 6 of the Lair of Beasts
 43285 | Lair:6   | Found a viscous altar of Jiyva.
 43285 | Lair:6   | Found a staircase to the Slime Pits.
 43303 | Lair:6   | Noticed cotteux's ghost (journeyman GrBe)
 43473 | Lair:6   | Learned a level 4 spell: Sticky Flame
 43507 | Lair:6   | Lost mutation: You are agile. (Dex +2) [potion of mutation]
 43507 | Lair:6   | Lost mutation: Your spells are a little easier to cast, but a little less powerful. [potion of mutation]
 43507 | Lair:6   | Gained mutation: You are frail. (-10% HP) [potion of mutation]
 43507 | Lair:6   | Gained mutation: You have an increased reservoir of magic. (+10% MP) [potion of mutation]
 43677 | Lair:6   | Reached skill level 10 in Spellcasting
 43811 | Lair:6   | Reached skill level 1 in Fire Magic
 45860 | Lair:6   | Received a gift from Sif Muna
 47795 | Lair:6   | Identified the Incunabulum of the Oath and Dark Arts
 48054 | Orc:1    | Entered Level 1 of the Orcish Mines
 48301 | Orc:1    | Noticed an orc warlord
 48374 | Orc:1    | Paralysed by an orc sorcerer for 7 turns
 48562 | D:10     | Demolished by an orc warlord
 48563 | D:10     | Reached XP level 13. HP: -17/70 MP: 31/31
 48569 | D:10     | Killed an orc warlord
 48569 | D:10     | Reached XP level 14. HP: 56/56 MP: 19/32
 48893 | Orc:2    | Entered Level 2 of the Orcish Mines
 48899 | Orc:2    | Noticed Saint Roka
 49361 | Orc:2    | Killed from afar by Saint Roka
 49362 | Orc:2    | Reached XP level 13. HP: -5/54 MP: 1/31
 49373 | Orc:2    | Found Ytuitta's Jewellery Shop.
 49394 | Orc:2    | Killed from afar by Saint Roka

Skill      XL: |  1  2  3  4  5  6  7  8  9 10 11 12 13 14 |
---------------+-------------------------------------------+-----
Conjurations   | 1 2 7 |  7.0
Poison Magic   | 3 4 5 6 7 |  7.0
Dodging        | 3 4 6 7 8 10 | 10.2
Stealth        | 3 4 5 7 8 |  8.5
Air Magic      | 1 2 3 4 |  4.2
Unarmed Combat | 1 3 7 9 10 11 12 | 12.6
Spellcasting   | 3 4 5 6 7 9 10 | 10.3
Fighting       | 3 5 6 7 8 9 |  9.0
Transmutations | 1 4 7 9 11 | 11.7
Earth Magic    | 1 3 5 6 8 |  8.6
Fire Magic     | 3 |  3.6

Action                   |  1- 3 |  4- 6 |  7- 9 | 10-12 | 13-15 || total
-------------------------+-------+-------+-------+-------+-------++-------
Melee: Unarmed           |    59 |   175 |   396 |   646 |   457 ||  1733
       Bite              |     1 |     9 |    42 |    71 |    38 ||   161
       Punch             |       |     2 |    10 |    39 |    27 ||    78
 Cast: Sting             |    21 |    23 |       |       |     1 ||    45
       Poisonous Vapours |    12 |    70 |   152 |   244 |   221 ||   699
       Olgreb's Toxic Ra |       |     1 |     8 |   111 |   224 ||   344
       Stone Arrow       |       |       |       |   147 |    54 ||   201
       Sticks to Snakes  |       |       |       |     1 |    24 ||    25
       Blade Hands       |       |       |       |     2 |    14 ||    16
       Statue Form       |       |       |       |       |    14 ||    14
       Mephitic Cloud    |       |       |       |       |     1 ||     1
       Sticky Flame      |       |       |       |       |     1 ||     1
Invok: Divine Energy     |       |       |     1 |       |       ||     1
 Abil: Evoke Flight      |       |       |       |       |     1 ||     1
       End Transformatio |       |       |       |       |     1 ||     1
Evoke: Wand              |       |       |       |     6 |     6 ||    12
  Use: Potion            |     2 |       |       |     5 |     6 ||    13
       Scroll            |       |     4 |    15 |    10 |     7 ||    36
 Stab: Sleeping          |     1 |     5 |    15 |    22 |    17 ||    60
       Distracted        |       |       |       |     2 |       ||     2
       Paralysed         |       |       |       |       |     1 ||     1
  Eat: Chunk             |    10 |    14 |    31 |    75 |    71 ||   201
Armor: Skin              |     8 |     5 |    18 |    23 |    46 ||   100
Dodge: Dodged            |    84 |   123 |   210 |   466 |   383 ||  1266
Block: Other             |       |    10 |   104 |   197 |   153 ||   464
       Reflection        |       |       |     2 |    11 |     4 ||    17
